 Dungeon Crawl Stone Soup version 0.24-a0-535-gbb0d440638 (webtiles) character file.

Game seed: 12142216531251332318

28001 BinkBink the Spear-Bearer (level 13, 0/121 HPs)
             Began as a Deep Dwarf Berserker on Aug 10, 2019.
             Was a Priest of Trog.
             Slain by a 13-headed hydra (4 damage)
             ... on level 3 of the Lair of Beasts.
             The game lasted 00:26:53 (11078 turns).

BinkBink the Spear-Bearer (Deep Dwarf Berserker)   Turns: 11078, Time: 00:26:54

Health: 0/121      AC: 23    Str: 28    XL:     13   Next: 7%
Magic:  17/17 (8)  EV: 10    Int:  9    God:    Trog [***...]
Gold:   886        SH:  0    Dex: 12    Spells: 12/12 levels left

rFire    . . .     SeeInvis .   y - +7 scythe (venom)
rCold    . . .     Gourm    .   (shield currently unavailable)
rNeg     . . .     Faith    .   K - +0 plate armour
rPois    .         Spirit   .   v - +0 helmet
rElec    .         Reflect  .   s - +0 cloak
rCorr    .         Harm     .   e - +2 pair of gloves {Str+3}
MR       ++++.                  R - +0 pair of boots
Stlth    ..........             (no amulet)
HPRegen  1.00/turn              Q - ring of protection from magic
MPRegen  0.15/turn              P - ring of magical power

@: non-regenerating
A: damage resistance, heal wounds, sense surroundings 2, no regeneration
a: Heal Wounds, Berserk, Trog's Hand, Renounce Religion


You were on level 3 of the Lair of Beasts.
You worshipped Trog.
Trog was most pleased with you.
You were hungry.

You visited 2 branches of the dungeon, and saw 14 of its levels.
You also visited: Sewer.

You collected 886 gold pieces.

Inventory:

Hand Weapons
 p - a +4 quarterstaff of chaos
 x - a +7 club
 y - a +7 scythe of venom (weapon)
 C - a +6 halberd of chopping
Armour
 e - a +2 pair of gloves of strength (worn)
 s - a +0 cloak (worn)
 v - a +0 helmet (worn)
 I - a +2 ring mail of poison resistance
 K - a +0 plate armour (worn)
 R - a +0 pair of boots (worn)
Jewellery
 t - an uncursed ring of magical power
 P - a ring of magical power (right hand)
 Q - a ring of protection from magic (left hand)
Wands
 a - a wand of acid (8)
 n - a wand of clouds (3)
 A - a wand of random effects (55)
 B - a wand of iceblast (34)
 D - a wand of paralysis (26)
 G - a wand of polymorph (15)
 O - a wand of flame (19)
 S - a wand of scattershot (1)
Scrolls
 b - a scroll of enchant weapon
 f - 4 scrolls of magic mapping
 g - 5 scrolls of identify
 j - a scroll of immolation
 l - 5 scrolls of teleportation
 o - 3 scrolls of blinking
 u - 5 scrolls of remove curse
 E - 2 scrolls of random uselessness
Potions
 h - a potion of heal wounds
 i - 2 potions of agility {unknown}
 k - 3 potions of mutation
 m - 2 potions of ambrosia
 q - a potion of berserk rage
 r - 4 potions of flight
 w - 6 potions of degeneration
 z - 2 potions of brilliance
 F - 2 potions of resistance
 H - 2 potions of might
 J - 4 potions of curing
Comestibles
 c - 14 rations


   Skills:
 + Level 9.1 Fighting
   Level 1.4(2.6) Short Blades
   Level 3.7(4.0) Long Blades
 + Level 12.0(12.4) Polearms
 + Level 5.3(9.5) Staves
 + Level 11.4 Armour
 + Level 5.7 Dodging
 + Level 5.4 Stealth


You had 12 spell levels left.
You didn't know any spells.
Your spell library contained the following spells:

 Spells                   Type           Power        Failure   Level  Hunger
 Magic Dart               Conj           #...         97%         1    ##.....
 Searing Ray              Conj           #.....       99%         2    ###....
 Dazzling Spray           Conj/Hex       #.....       100%        3    ####...
 Force Lance              Conj/Tloc      #.......     100%        4    #####..
 Fulminant Prism          Conj/Hex       #.........   100%        4    #####..
 Iskenderun's Mystic Bla  Conj           #.......     100%        4    #####..


Dungeon Overview and Level Annotations

Branches:
Dungeon (11/15)            Temple (0/1) D:4            Lair (3/6) D:9
 Spider (0/4) Lair:2
  Swamp: Lair:2-4    Shoals: Lair:2-4       Orc: D:9-12

Altars:
Cheibriados
Hepliaklqana
Kikubaaqudgha
Nemelex Xobeh
Okawaru
Uskayaw
Xom
Yredelemnul

Shops:
D:6 :   D:8 [=*(%

Annotations:
Lair:3 3 runed translucent doors, GordonOverkill's ghost, journeyman DEBe; Norm's ghost, journeyman OgAK; euphoricsektor's ghost, journeyman SpEn; mopl's ghost, journeyman KoTm


Innate Abilities, Weirdness & Mutations

You are resistant to damage.
You can heal yourself by infusing magical energy.
You passively map the area around you.
You do not regenerate.


Message History

The 13-headed hydra bites you!
* * * LOW HITPOINT WARNING * * *
The 13-headed hydra bites you.
* * * LOW HITPOINT WARNING * * *
The 13-headed hydra bites you but does no damage.
The 13-headed hydra closely misses you.
The 13-headed hydra bites you but does no damage. x4
The 13-headed hydra bites you!
* * * LOW HITPOINT WARNING * * *
The 13-headed hydra closely misses you. x2
The 13-headed hydra bites you but does no damage. x5
The 13-headed hydra bites you!
* * * LOW HITPOINT WARNING * * *
The 13-headed hydra bites you but does no damage.
The 13-headed hydra bites you!
* * * LOW HITPOINT WARNING * * *
The 13-headed hydra bites you but does no damage.
The 13-headed hydra bites you. The 13-headed hydra closely misses you.
The 13-headed hydra bites you!
You die...

..............## ...# ,
........##.#..## ..# *
..#.##...###...# ..## * ,
.*####...# #...# #..#*## ,
, #....# #..####..##.###,,
, ,** #...##
#..##.#........ ,,
#...####.............., ,
#.#....P.#.............. ,
,
,.............#.@#........
,
..............###D........
, ,
.)##.#..####...#..........
, . *##...#
#..###........., ,, ,*
##..# #..# #P........, , ,
#..# #..#*##........ , ,
... * #... #........ , ,
,** #., * #.(.# #.....>..
,, * #..## #..[.....,,


You could see a 13-headed hydra.

Vanquished Creatures
  A catoblepas (Lair:2)
  A two-headed ogre (D:8)
  A black mamba (Lair:2)
  Joseph (Lair:1)
  4 torpor snails (Lair:2)
  5 spiny frogs
  2 komodo dragons
  A troll (D:5)
  A hornet (D:10)
  A hippogriff (D:11)
  A spriggan (D:7)
  18 yaks
  2 humans (D:8)
  2 basilisks
  A hungry ghost (D:7)
  3 wargs (D:9)
  Duvessa (D:5)
  4 water moccasins
  A porcupine (Lair:3)
  2 eyes of draining
  3 ice beasts
  4 sky beasts
  An orc warrior (D:6)
  3 phantoms
  2 ogres
  7 centaurs
  5 wolves (Lair:2)
  2 crocodiles
  11 bullfrogs
  A gnoll sergeant (D:9)
  Dowan (D:5)
  2 wyvern skeletons
  A water moccasin skeleton (D:11)
  4 scorpions
  7 killer bees
  3 wights (D:11)
  3 howler monkeys
  An electric eel (Lair:1)
  7 crimson imps
  A quasit (D:10)
  3 orc priests
  3 hounds
  Crazy Yiuf (D:2)
  A bullfrog skeleton (D:6)
  4 centaur skeletons
  2 jellies
  4 orc wizards
  2 iguanas
  11 worker ants
  A hound skeleton (D:5)
  A worker ant zombie (D:11)
  Robin (D:4)
  14 gnolls
  15 adders
  A howler monkey skeleton (D:7)
  2 oozes
  2 adder skeletons
  4 worms
  3 dart slugs
  11 leopard geckos
  31 orcs
  10 bats
  12 giant cockroaches
  19 goblins
  15 hobgoblins
  13 jackals
  9 kobolds
  5 quokkas
  4 ball pythons
  11 frilled lizards
  2 gnoll zombies (D:2)
  A jackal skeleton (D:5)
  A leopard gecko zombie (D:5)
  8 rats
  A plant (D:1)
350 creatures vanquished.

Vanquished Creatures (others)
  An orc wizard (D:8)
  2 fungi
  A plant (Lair:2)
  2 withered plants (Lair:3)
6 creatures vanquished.

Grand Total: 356 creatures vanquished

Notes
Turn   | Place    | Note
-------+----------+-------------------------------------------
     0 | D:1      | BinkBink the Deep Dwarf Berserker began the quest for the
                  | Orb.
     0 | D:1      | Reached XP level 1. HP: 20/20 MP: 1/1
   104 | D:1      | Reached XP level 2. HP: 27/27 MP: 2/2
   638 | D:2      | Reached XP level 3. HP: 30/34 MP: 3/3
   703 | D:2      | Reached ** piety under Trog
   811 | D:2      | Reached XP level 4. HP: 37/42 MP: 4/4
  1144 | D:2      | Found a runed translucent door.
  1145 | D:2      | Noticed Crazy Yiuf
  1197 | D:2      | Found a basalt altar of Yredelemnul.
  1423 | D:2      | Killed Crazy Yiuf
  1423 | D:2      | Reached skill level 1 in Short Blades
  1604 | D:3      | Reached XP level 5. HP: 43/49 MP: 5/5
  1735 | D:3      | Reached *** piety under Trog
  1754 | D:3      | Found a glowing drain.
  1763 | Sewer    | Entered a sewer
  1831 | Sewer    | Reached skill level 1 in Staves
  2522 | D:4      | Reached skill level 1 in Stealth
  2527 | D:4      | Reached XP level 6. HP: 31/57 MP: 6/6
  2560 | D:4      | Found a staircase to the Ecumenical Temple.
  2637 | D:4      | Noticed Robin
  2687 | D:4      | Killed Robin
  3054 | D:5      | Entered Level 5 of the Dungeon
  3061 | D:5      | Reached XP level 7. HP: 57/64 MP: 7/7
  3065 | D:5      | Reached **** piety under Trog
  3324 | D:5      | Noticed Sigmund
  3349 | D:5      | Noticed Sigmund
  3349 | D:5      | Sigmund changed into Sigmund the jelly
  3352 | D:5      | Killed Sigmund the jelly
  3518 | D:5      | Noticed Duvessa
  3519 | D:5      | Noticed Dowan
  3527 | D:5      | Killed Duvessa
  3527 | D:5      | Reached skill level 5 in Staves
  3533 | D:5      | Killed Dowan
  3533 | D:5      | Reached skill level 1 in Polearms
  3533 | D:5      | Reached XP level 8. HP: 25/73 MP: 8/8
  3643 | D:5      | Found a shimmering altar of Xom.
  3643 | D:5      | Found a sparkling altar of Nemelex Xobeh.
  3644 | D:5      | Found a hide-covered altar of Uskayaw.
  3758 | D:5      | Noticed a troll
  3766 | D:5      | Reached skill level 5 in Fighting
  3796 | D:5      | Reached skill level 2 in Polearms
  3823 | D:5      | Killed a troll
  3823 | D:5      | Reached skill level 3 in Polearms
  4324 | D:6      | Reached skill level 5 in Armour
  4395 | D:6      | You fall into a shaft and drop 2 floors!
  4395 | D:8      | Found Luhurgha's Assorted Antiques.
  4395 | D:8      | Noticed a two-headed ogre
  4401 | D:8      | Found Pomuloing's Antique Weapon Boutique.
  4434 | D:8      | Killed a two-headed ogre
  4434 | D:8      | Reached skill level 5 in Polearms
  4434 | D:8      | Gained mutation: You passively map the area around you.
                  | [Deep Dwarf growth]
  4434 | D:8      | Reached XP level 9. HP: 60/81 MP: 7/7
  4489 | D:8      | Found an ancient bone altar of Kikubaaqudgha.
  4816 | D:7      | Found a hazy altar of Hepliaklqana.
  4925 | D:7      | Reached skill level 6 in Polearms
  5302 | D:6      | Found Xiufoh's Book Emporium.
  5705 | D:6      | You fall into a shaft and drop 3 floors!
  5755 | D:8      | Found Ucrusex's Armour Boutique.
  5859 | D:8      | Found Naehusch's Food Emporium.
  5947 | D:8      | Reached skill level 7 in Polearms
  6045 | D:8      | Found an iron altar of Okawaru.
  6196 | D:8      | Found Methi's Jewellery Shoppe.
  6617 | D:6      | Reached XP level 10. HP: 79/91 MP: 8/8
  6670 | D:6      | Found an iron altar of Okawaru.
  6698 | D:6      | You fall into a shaft and drop 3 floors!
  6902 | D:9      | Found a staircase to the Lair.
  6988 | D:9      | Reached skill level 8 in Polearms
  7669 | D:10     | Entered Level 10 of the Dungeon
  8237 | D:10     | Reached skill level 9 in Polearms
  8485 | D:11     | Found a gate leading to a gauntlet.
  8705 | D:11     | Reached XP level 11. HP: 61/100 MP: 9/9
  9270 | Lair:1   | Entered Level 1 of the Lair of Beasts
  9314 | Lair:1   | Reached skill level 10 in Polearms
  9746 | Lair:1   | Noticed Joseph
  9757 | Lair:1   | Killed Joseph
  9928 | Lair:2   | Received a gift from Trog
 10054 | Lair:2   | Reached skill level 10 in Armour
 10055 | Lair:2   | Found a snail-covered altar of Cheibriados.
 10291 | Lair:2   | Found a hole to the Spider Nest.
 10357 | Lair:2   | Noticed a catoblepas
 10376 | Lair:2   | Killed a catoblepas
 10376 | Lair:2   | Reached skill level 11 in Polearms
 10784 | Lair:3   | Found a runed translucent gate.
 10784 | Lair:3   | Found a runed translucent gate.
 10784 | Lair:3   | Found a runed translucent gate.
 10784 | Lair:3   | Noticed GordonOverkill's ghost (journeyman DEBe)
 10784 | Lair:3   | Noticed mopl's ghost (journeyman KoTm)
 10784 | Lair:3   | Noticed euphoricsektor's ghost (journeyman SpEn)
 10784 | Lair:3   | Noticed Norm's ghost (journeyman OgAK)
 10927 | Lair:3   | Reached XP level 12. HP: 64/112 MP: 7/7
 10947 | Lair:3   | Reached skill level 12 in Polearms
 10947 | Lair:3   | Reached skill level 5 in Dodging
 10947 | Lair:3   | Reached skill level 5 in Stealth
 10947 | Lair:3   | Reached XP level 13. HP: 47/121 MP: 8/8
 11078 | Lair:3   | HP: 4/121 [13-headed hydra (4)]
 11078 | Lair:3   | Slain by a 13-headed hydra

Levels and vault maps discovered:
D:1:      lemuel_arrival_broad_hall, layout_rooms, serial_forest,
          infiniplex_forest_lined_2, infiniplex_forest_corner_2,
          infiniplex_forest_end_double, infiniplex_forest_clump_large,
          infiniplex_forest_pool
D:2:      layout_loops_ring, lemuel_zombie_altar_yredelemnul,
          grunt_ministairs_6, minmay_guardbox, uniq_crazy_yiuf_cottage
D:3:      layout_basic, portal_sewer_entry_f, first_ration,
          kennysheep_generic_room_14
D:4:      layout_rooms, minmay_temple_entry_purple_smoke,
          lightli_corner_chamber, uniq_robin
D:5:      minmay_clustersquares, layout_layer_cave,
          gammafunk_temple_overflow_claw, uniq_duvessa, uniq_sigmund
D:6:      minmay_thinvault, layout_basic, serial_shops, nicolae_shop_stone,
          basic_altar
D:7:      layout_gridville, overflow_temple_1_default, the_bakery
D:8:      layout_gridville, okawaru_humans, serial_shops, shop,
          nicolae_shop_waterfront, shop, shop, shop, basic_altar
D:9:      layout_roguey, erik_lair_orcish_takeover
D:10:     layout_long_grid, roderic_serpentine_path
D:11:     kennysheep_blocky_hall, layout_long_grid, gauntlet_entry_generic
Lair:1:   layout_misc_corridors, chequers_serial_rivers_micro_e, st_stairs_9,
          nicolae_quartered_pool_medium, uniq_joseph
Lair:2:   layout_regular_city, spider_nest_entry_web_field,
          kennysheep_snail_temple
Lair:3:   layout_small_grid, gammafunk_ghost_cemetery, basic_altar,
          cheibrodos_lair_lostbears, uniq_sonja

Skill      XL: |  1  2  3  4  5  6  7  8  9 10 11 12 |
---------------+-------------------------------------+-----
Fighting       | 3 4 5 6 7 8 9 |  9.1
Short Blades   | 1 |  1.4
Armour         | 3 4 6 7 9 10 11 | 11.4
Staves         | 2 3 5 |  5.3
Stealth        | 1 2 5 |  5.4
Polearms       | 1 5 7 9 11 12 | 12.0
Dodging        | 3 4 5 |  5.7
Long Blades    | |  3.7

Action                   |  1- 3 |  4- 6 |  7- 9 | 10-12 | 13-15 || total
-------------------------+-------+-------+-------+-------+-------++-------
Melee: Falchion          |   197 |       |       |       |       ||   197
       Short sword       |    50 |    32 |       |       |       ||    82
       Quarterstaff      |       |   213 |    41 |       |       ||   254
       Scythe            |       |       |   244 |   468 |    19 ||   731
Invok: Trog's Hand       |       |     6 |     9 |    20 |     2 ||    37
 Abil: Heal Wounds       |     1 |       |     7 |    17 |     1 ||    26
  Use: Scroll            |       |       |       |    23 |       ||    23
       Potion            |       |       |       |     1 |       ||     1
 Stab: Sleeping          |     1 |       |       |       |       ||     1
       Confused          |       |     1 |       |       |       ||     1
  Eat: Chunk             |       |    10 |     5 |    14 |     1 ||    30
       Ration            |       |       |     5 |     2 |       ||     7
Armor: Chain mail        |    86 |   163 |   259 |     6 |       ||   514
       Plate armour      |       |       |       |   422 |    52 ||   474
Dodge: Dodged            |    58 |   135 |   209 |   289 |    29 ||   720
       Rpst.: Falchion   |    15 |       |       |       |       ||    15

Table legend:
 A = Non-vault XP
 B = Vault XP
 C = Vault XP percentage of total XP
 D = Non-vault monster count
 E = Vault monster count
 F = Vault count percentage of total count
                 A         B        C        D         E       F
            +---------+---------+-------+---------+---------+-------
      Total |   17915 |    5304 |  22.8 |     253 |      97 |  27.7
            +---------+---------+-------+---------+---------+-------
        D:1 |      34 |       0 |   0.0 |      22 |       0 |   0.0
        D:2 |      46 |      68 |  59.6 |      12 |      17 |  58.6
        D:3 |      75 |       8 |   9.6 |      30 |       3 |   9.1
        D:4 |     402 |      37 |   8.4 |      20 |      12 |  37.5
        D:5 |     541 |     722 |  57.2 |      20 |      11 |  35.5
        D:6 |     417 |     532 |  56.1 |      14 |      16 |  53.3
        D:7 |     432 |     224 |  34.1 |       7 |       1 |  12.5
        D:8 |    1955 |     392 |  16.7 |      24 |       2 |   7.7
        D:9 |     788 |     626 |  44.3 |      12 |       8 |  40.0
       D:10 |    2298 |       0 |   0.0 |      22 |       0 |   0.0
       D:11 |    2679 |     188 |   6.6 |      33 |       4 |  10.8
     Lair:1 |    1575 |     766 |  32.7 |       7 |       2 |  22.2
     Lair:2 |    3725 |    1683 |  31.1 |      15 |       4 |  21.1
     Lair:3 |    2948 |       0 |   0.0 |      15 |       0 |   0.0
      Sewer |       0 |      58 | 100.0 |       0 |      17 | 100.0
            +---------+---------+-------+---------+---------+-------
